 Dungeon Crawl Stone Soup version 0.29-a0-838-g385bb11a5b (webtiles) character file.

Game seed: 15065000826395618133

2299 IdlyInterested the Trooper (level 9, -2/72 HPs)
             Began as a Demonspawn Gladiator on July 13, 2022.
             Slain by a killer bee (7 damage)
             ... on level 7 of the Dungeon.
             The game lasted 00:17:46 (6500 turns).

IdlyInterested the Trooper (Demonspawn Gladiator)   Turns: 6500, Time: 00:17:47

Health: -2/72      AC: 10    Str: 19    XL:     9   Next: 17%
Magic:  9/9        EV: 15    Int: 13    God:
Gold:   301        SH:  0    Dex: 15    Spells: 8/8 levels left

rFire   + + .      SeeInvis .   E - +0 morningstar
rCold   . . .      Faith    .   y - +0 buckler
rNeg    . . .      Spirit   .   p - +2 scale mail "Xicsi" {rF+ rC+ Int+4}
rPois   .          Reflect  +   (helmet restricted)
rElec   .          Harm     .   s - +0 cloak
rCorr   .          Rampage  .   (no gloves)
Will    .....                   (no boots)
Stlth   ..........              b - amulet of reflection
HPRegen 0.22/turn               g - +4 ring of evasion
MPRegen 0.11/turn               h - ring of fire

@: confused, lethally poisoned (-2 -> -13), ambrosia-drunk
A: antennae 2, large bone plates 1, ignite blood 1
a: no special abilities


You were on level 7 of the Dungeon.
You visited 2 branches of the dungeon, and saw 8 of its levels.

You collected 347 gold pieces.
You spent 46 gold pieces at shops.

Inventory:

Hand Weapons
 t - a +1 hammer of draining
 E - a +0 morningstar (weapon)
Missiles
 d - 3 throwing nets
 e - a javelin
 k - 3 boomerangs of dispersal
 l - 13 poisoned darts (quivered)
 D - a curare-tipped dart
Armour
 p - the +2 scale mail "Xicsi" (worn) {rF+ rC+ Int+4}
   (You found it on level 3 of the Dungeon)

   Int:       It affects your intelligence (+4).
   rF:        It protects you from fire.
   rC:        It protects you from cold.
 s - a +0 cloak (worn)
 x - a +1 chain mail of poison resistance
 y - a +0 buckler (worn)
Magical Staves
 B - a staff of death
Jewellery
 b - an amulet of reflection (around neck)
 g - a +4 ring of evasion (left hand)
 h - a ring of fire (right hand)
Scrolls
 a - 2 scrolls of identify
 j - a scroll of teleportation
 z - 3 scrolls of enchant armour
 C - 2 scrolls of enchant weapon
 F - a scroll of fear
Potions
 f - 2 potions of curing
 i - a potion of flight
 m - 2 potions of haste {unknown}
 n - 3 potions of brilliance {unknown}
 o - 2 potions of lignification {unknown}
 q - a potion of degeneration {unknown}
 r - 3 potions of heal wounds {unknown}
 u - a potion of resistance {unknown}
 v - 2 potions of might {unknown}
 w - a potion of berserk rage {unknown}
 A - a potion of mutation {unknown}


   Skills:
 * Level 7.4 Fighting
 + Level 5.1 Maces & Flails
 - Level 2.0 Throwing
 + Level 6.2 Armour
 - Level 4.0 Dodging
 - Level 1.0 Stealth
 * Level 2.7 Shields
 - Level 1.0 Evocations


You had 8 spell levels left.
You didn't know any spells.
Your spell library contained the following spells:

 Spells                   Type           Power      Damage    Failure   Level
 Sting                    Tmut/Pois      0%         1d3       75%         1
 Ensorcelled Hibernation  Hex/Ice        0%         N/A       86%         2
 Passwall                 Tmut/Erth      0%         N/A       86%         2
 Poisonous Vapours        Pois/Air       0%         N/A       86%         2
 Swiftness                Air            0%         N/A       98%         3
 Olgreb's Toxic Radiance  Pois           0%         N/A       100%        4
 Summon Forest            Summ/Tloc      0%         N/A       100%        5
 Eringya's Noxious Bog    Tmut/Pois      0%         N/A       100%        6
 Summon Hydra             Summ           0%         N/A       100%        7


Dungeon Overview and Level Annotations

Branches:
Dungeon (7/15)             Temple (1/1) D:4

Altars:
Ashenzari
Fedhas
Gozag
Hepliaklqana
Kikubaaqudgha
Makhleb
Nemelex Xobeh
Qazlal
Ru
Trog
Wu Jian
Xom

Shops:
D:3 (=   D:4 [   D:5 *


Innate Abilities, Weirdness & Mutations

You have a pair of antennae on your head.
You are partially covered in large bone plates. (SH +4)
Your demonic aura sometimes causes spilled blood to erupt in flames.


Message History

The killer bee stings you.
You are more poisoned.
The killer bee poisons you! You block the killer bee's attack.
You completely miss the killer bee.
You feel very sick. You block the killer bee's attack. x2
The killer bee stings you but does no damage.
The killer bee barely misses you.
Unknown command.
You closely miss the killer bee.
You feel very sick.
The killer bee stings you but does no damage.
The killer bee stings you.
* * * LOW HITPOINT WARNING * * *
The killer bee closely misses you. The killer bee barely misses you.
You block the killer bee's attack. x2
You hit the killer bee.
The killer bee is lightly wounded.
You feel very sick.
You block the killer bee's attack. x3; The killer bee barely misses you.
The killer bee stings you.
* * * LOW HITPOINT WARNING * * *
The killer bee stings you.
* * * LOW HITPOINT WARNING * * *
You are lethally poisoned!
The killer bee poisons you!
You are confused.
You feel invigorated.
* * * LOW HITPOINT WARNING * * *
You feel very sick. The killer bee barely misses you.
The killer bee closely misses you. x2
The killer bee completely misses you.
You're too confused to move!
* * * LOW HITPOINT WARNING * * *
You feel very sick. The killer bee barely misses you.
The killer bee stings you!
* * * LOW HITPOINT WARNING * * *
The killer bee stings you but does no damage.
The killer bee stings you!
You die...

### ######## ..#####
#..@...# ......#
#.yy...# ......#
#......# ......#
#####......#
......####.{........#
...........#.########
.........[...#
.............#
.............#


You could see 2 killer bees.

Vanquished Creatures
  A two-headed ogre (D:6)
  A water moccasin (D:5)
  Duvessa (D:6)
  A black bear (D:5)
  A sky beast (D:6)
  A centaur (D:6)
  A kobold brigand (D:5)
  2 bullfrogs (D:6)
  2 necrophages
  2 scorpions
  Dowan (D:6)
  A killer bee (D:7)
  2 howler monkeys
  A jelly (D:5)
  An orc priest (D:5)
  Crazy Yiuf (D:2)
  6 hounds
  5 iguanas
  4 orc wizards
  7 adders
  A white imp (D:5)
  An ufetubus (D:5)
  13 orcs
  8 ball pythons
  4 bats
  3 endoplasms
  6 giant cockroaches
  7 goblins
  2 hobgoblins
  8 jackals
  3 quokkas
  3 frilled lizards
  7 kobolds
  4 rats
112 creatures vanquished.

Vanquished Creatures (others)
  5 fungi (D:2)
5 creatures vanquished.

Grand Total: 117 creatures vanquished

Notes
Turn   | Place    | Note
-------+----------+-------------------------------------------
     0 | D:1      | IdlyInterested the Demonspawn Gladiator began the quest for
                  | the Orb.
     0 | D:1      | Reached XP level 1. HP: 16/16 MP: 1/1
   294 | D:1      | Gained mutation: You have a pair of small antennae on your
                  | head. [demonic ancestry]
   294 | D:1      | Reached XP level 2. HP: 22/22 MP: 2/2
   925 | D:2      | Reached skill level 1 in Armour
   963 | D:2      | Found a faded altar of an unknown god.
   968 | D:2      | Gained mutation: You have a pair of antennae on your head.
                  | [demonic ancestry]
   968 | D:2      | Reached XP level 3. HP: 28/28 MP: 3/3
  1941 | D:2      | Found a runed translucent door.
  1942 | D:2      | Noticed Crazy Yiuf
  1949 | D:2      | Killed Crazy Yiuf
  1950 | D:2      | Reached skill level 3 in Fighting
  1950 | D:2      | Reached XP level 4. HP: 19/35 MP: 4/4
  2264 | D:3      | Found Huekk's One-of-a-Kind Rings.
  2335 | D:3      | Identified the +2 scale mail "Xicsi" {rF+ rC+ Int+4}
  2429 | D:3      | Found Jenuahar's Weapon Emporium.
  2970 | D:4      | Noticed a scorpion
  2979 | D:4      | Killed a scorpion
  2980 | D:4      | Gained mutation: Your demonic aura sometimes causes spilled
                  | blood to erupt in flames. [demonic ancestry]
  2980 | D:4      | Reached XP level 5. HP: 39/41 MP: 5/5
  3106 | D:4      | Found a staircase to the Ecumenical Temple.
  3132 | Temple   | Entered the Ecumenical Temple
  3495 | D:4      | Found Yahweh's Dragon-Slaying Spoils.
  3569 | D:4      | Reached skill level 1 in Stealth
  3801 | D:5      | Entered Level 5 of the Dungeon
  3812 | D:5      | Noticed a black bear
  3822 | D:5      | Killed a black bear
  3823 | D:5      | Reached skill level 4 in Fighting
  3823 | D:5      | Reached XP level 6. HP: 33/48 MP: 6/6
  3860 | D:5      | Reached skill level 1 in Evocations
  4328 | D:5      | Found Jeipaodi's Serpentskin Sales.
  4332 | D:5      | Noticed a water moccasin
  4336 | D:5      | Killed a water moccasin
  4337 | D:5      | Gained mutation: You are partially covered in large bone
                  | plates. (SH +4) [demonic ancestry]
  4337 | D:5      | Reached XP level 7. HP: 46/55 MP: 7/7
  4339 | D:5      | Bought 2 poisoned darts for 9 gold pieces
  4339 | D:5      | Bought 3 poisoned darts for 14 gold pieces
  4339 | D:5      | Bought 2 poisoned darts for 9 gold pieces
  4339 | D:5      | Bought 3 poisoned darts for 14 gold pieces
  4415 | D:5      | Reached skill level 5 in Fighting
  4592 | D:5      | You fall into a shaft and drop 1 floor!
  5477 | D:6      | Noticed a two-headed ogre
  5487 | D:6      | Killed a two-headed ogre
  5488 | D:6      | Reached skill level 6 in Fighting
  5488 | D:6      | Reached skill level 5 in Armour
  5488 | D:6      | Reached XP level 8. HP: 6/65 MP: 8/8
  5850 | D:6      | Reached skill level 1 in Shields
  5903 | D:6      | Reached skill level 7 in Fighting
  5934 | D:6      | Reached skill level 5 in Maces & Flails
  5966 | D:6      | Reached XP level 9. HP: 59/72 MP: 9/9
  6030 | D:6      | Found a blossoming altar of Fedhas.
  6053 | D:6      | Noticed Dowan
  6055 | D:6      | Noticed Duvessa
  6063 | D:6      | Killed Dowan
  6072 | D:6      | Killed Duvessa
  6500 | D:7      | Slain by a killer bee

Illustrated notes

Levels and vault maps discovered:
D:1:      lightli_arrival_noodles, layout_rooms
D:2:      layout_basic, basic_ecumenical_altar, st_stairs_12,
          minmay_heptomino_d4, uniq_crazy_yiuf_cottage
D:3:      layout_basic, serial_shops, nicolae_shop_bloodbath_and_beyond,
          nicolae_eternal_life, fountainhead, nicolae_shop_unique_rings
D:4:      layout_loops_ring, minmay_temple_entry_mist, nicolae_shop_dragon_depot
D:5:      layout_gridville, grunt_ministairs_12, grunt_decor_resistance,
          hangedman_decor_push, chequers_serial_rivers_small_a,
          grunt_decor_one_mirror, guppyfry_shop_venom
D:6:      hellmonk_ruined_rings, layout_cave_pools,
          fedhas_bush_and_centaur_altar, uniq_duvessa
D:7:      layout_rooms
Temple:   dshaligram_water_room_temple

Skill      XL: |  1  2  3  4  5  6  7  8 |
---------------+-------------------------+-----
Throwing       | 2 |  2.0
Armour         | 1 2 3 5 6 |  6.2
Fighting       | 3 4 6 7 |  7.4
Maces & Flails | 3 4 5 |  5.1
Dodging        | 3 4 |  4.0
Stealth        | 1 |  1.0
Evocations     | 1 |  1.0
Shields        | 2 |  2.7

Action                   |  1- 3 |  4- 6 |  7- 9 || total
-------------------------+-------+-------+-------++-------
Melee: Flail             |    98 |       |       ||    98
       Mace              |       |   136 |   146 ||   282
       Punch             |       |     2 |       ||     2
       Morningstar       |       |       |    24 ||    24
Throw: Dart              |       |       |     3 ||     3
       Throwing net      |       |       |     1 ||     1
  Use: Scroll            |     4 |     8 |     2 ||    14
       Potion            |       |       |     1 ||     1
 Stab: Sleeping          |     1 |       |       ||     1
       Held in net/web   |       |       |     2 ||     2
Armor: Leather armour    |     5 |       |       ||     5
       Ring mail         |    16 |     4 |       ||    20
       Scale mail        |       |    41 |    90 ||   131
Dodge: Dodged            |    68 |   112 |   151 ||   331
Block: Other             |    18 |    40 |    20 ||    78
       Reflection        |     1 |     1 |     2 ||     4
       Buckler           |       |       |   154 ||   154

Table legend: (Time is in decaauts)
 A = Elapsed time spent in this place.
 B = Non-inter-level travel time spent in this place.
 C = Inter-level travel time spent in this place.
 D = Time resting spent in this place.
 E = Time spent auto-exploring this place.
 F = Levels seen in this place.
 G = Mean time per level.
                   A        B        C        D        E       F      G
               +--------+--------+--------+--------+--------+-----+--------+
         Total |   6610 |   6452 |    158 |   1236 |   3891 |   8 |  826.2 |
       Dungeon |   6477 |   6337 |    140 |   1236 |   3791 |   7 |  925.3 |
        Temple |    132 |    114 |     18 |      0 |    100 |   1 |  132.0 |
               +--------+--------+--------+--------+--------+-----+--------+

Top non-repeatable levels by time:
     D:5: 1780 daAuts
     D:2: 1519 daAuts
     D:3: 840 daAuts
     D:6: 814 daAuts
     D:4: 717 daAuts
     D:1: 641 daAuts
     D:7: 165 daAuts
  Temple: 132 daAuts
